TOP OF THE 1ST |
---|
Kalamazoo Royale with Cheese batting - Pitching for Nassau Rockets : LHP Rod Adams | Pitching: LHP Rod Adams | | Batting: LHB Javier Espinoza | 0-0: Fly out, F7 (Flyball, 7S) | Batting: SHB Caden Keith | 0-0: Called Strike 0-1: Called Strike 0-2: Ball 1-2: Fly out, F8 (Flyball, 8LS) | Now in CF: Rafael Delgado | | Batting: RHB Tae-kwon Kwon | 0-0: Ball 1-0: Swinging Strike 1-1: Swinging Strike 1-2: Ball 2-2: Ball 3-2: Base on Balls | Batting: RHB Zander Tremblett | 0-0: Called Strike 0-1: Fly out, F9 (Flyball, 9) | Top of the 1st over - 0 runs, 0 hits, 0 errors, 1 left on base; Kalamazoo 0 - Nassau 0 | BOTTOM OF THE 1ST |
---|
Nassau Rockets batting - Pitching for Kalamazoo Royale with Cheese : RHP Oscar Wheeler | Pitching: RHP Oscar Wheeler | | Batting: LHB Andrew Alvarado | 0-0: Called Strike 0-1: Ball 1-1: Ground out U3 (Groundball, 3L) | Batting: RHB John Anderson | 0-0: Fly out, F5 (Line Drive, 5) | Batting: LHB Don Ramey | 0-0: SINGLE (Flyball, 9LM) | Batting: LHB Juan Romero | 0-0: Ball 1-0: Fly out, F8 (Flyball, 89XD) | Bottom of the 1st over - 0 runs, 1 hit, 0 errors, 1 left on base; Kalamazoo 0 - Nassau 0 | TOP OF THE 2ND |
---|
Kalamazoo Royale with Cheese batting - Pitching for Nassau Rockets : LHP Rod Adams | Batting: LHB Roberto Sandoval | 0-0: Ground out 4-3 (Groundball, 4S) | Batting: LHB Bob Martin | 0-0: Ball 1-0: SINGLE (Groundball, 4MD) | Batting: LHB Francisco Calderón | 0-0: Fly out, F5 (Popup, 5) | Batting: RHB José Velásquez | 0-0: Ball 1-0: Called Strike 1-1: Swinging Strike 1-2: Ball 2-2: Foul Ball, location: 2F Pickoff Throw to First - Error! E1 Bob Martin to second 2-2: Strikes out swinging | Top of the 2nd over - 0 runs, 1 hit, 1 error, 1 left on base; Kalamazoo 0 - Nassau 0 | BOTTOM OF THE 2ND |
---|
Nassau Rockets batting - Pitching for Kalamazoo Royale with Cheese : RHP Oscar Wheeler | Batting: SHB Edgardo Osorio | 0-0: Called Strike 0-1: Swinging Strike 0-2: SOLO HOME RUN (Flyball, 78XD), Distance : 386 ft | Batting: LHB Wilson Allen | 0-0: Ball 1-0: Ball 2-0: Ball 3-0: Base on Balls | Batting: RHB Salvador Borbón | 0-0: Ball 1-0: SINGLE (Groundball, 34D) Wilson Allen to second Runner from 2nd tries for 3rd, SAFE, no throw | Batting: LHB Rafael Delgado | 0-0: Called Strike 0-1: Ball 1-1: Ball 2-1: Ball Wild Pitch! Wilson Allen scores Salvador Borbón to second 3-1: Ground out 5-3 (Groundball, 56S) Salvador Borbón to third | Batting: RHB Jesús Villalobos | 0-0: Ball 1-0: Foul Ball, location: 2F 1-1: Foul Ball, location: 2F 1-2: 2-RUN HOME RUN (Flyball, 7LD), Distance : 338 ft | Batting: LHB Andrew Alvarado | 0-0: Called Strike 0-1: Fly out, F8 (Flyball, 8LD) | Batting: RHB John Anderson | 0-0: Ball 1-0: Swinging Strike 1-1: Ground out 4-3 (Groundball, 4) | Bottom of the 2nd over - 4 runs, 3 hits, 0 errors, 0 left on base; Kalamazoo 0 - Nassau 4 | TOP OF THE 3RD |
---|
Kalamazoo Royale with Cheese batting - Pitching for Nassau Rockets : LHP Rod Adams | Batting: LHB Keith Tillman | 0-0: Called Strike 0-1: Called Strike 0-2: Strikes out looking | Batting: LHB Javier Espinoza | 0-0: Called Strike 0-1: Ball 1-1: Swinging Strike 1-2: Foul Ball, location: 2F 1-2: Ball 2-2: SINGLE (Groundball, 34D) | Batting: SHB Caden Keith | 0-0: Ball 1-0: Ball 2-0: Ball 3-0: Base on Balls Javier Espinoza to second | Batting: RHB Tae-kwon Kwon | 0-0: Ball 1-0: Called Strike 1-1: Fly out, F7 (Flyball, 7S) | Batting: RHB Zander Tremblett | 0-0: Ball 1-0: Ground out 4-3 (Groundball, 4) | Top of the 3rd over - 0 runs, 1 hit, 0 errors, 2 left on base; Kalamazoo 0 - Nassau 4 | BOTTOM OF THE 3RD |
---|
Nassau Rockets batting - Pitching for Kalamazoo Royale with Cheese : RHP Oscar Wheeler | Batting: LHB Don Ramey | 0-0: Ball 1-0: Called Strike 1-1: SINGLE (Groundball, 6S) (infield hit) | Batting: LHB Juan Romero | 0-0: Ball 1-0: Foul Ball, location: 2F 1-1: Ball 2-1: Fly out, F3 (Popup, 3S) | Batting: SHB Edgardo Osorio | 0-0: Ball 1-0: Foul Ball, location: 2F 1-1: Ball 2-1: Foul Ball, location: 2F 2-2: SINGLE (Line Drive, 7LS) Don Ramey to second | Batting: LHB Wilson Allen | 0-0: Ball 1-0: Ball 2-0: Fly out, F5 (Line Drive, 6) | Batting: RHB Salvador Borbón | 0-0: Called Strike 0-1: Foul Ball, location: 2F 0-2: Ball 1-2: Fly out, F4 (Popup, 4S) | Bottom of the 3rd over - 0 runs, 2 hits, 0 errors, 2 left on base; Kalamazoo 0 - Nassau 4 | TOP OF THE 4TH |
---|
Kalamazoo Royale with Cheese batting - Pitching for Nassau Rockets : LHP Rod Adams | Batting: LHB Roberto Sandoval | 0-0: Swinging Strike 0-1: Called Strike 0-2: Ball 1-2: Ball 2-2: Ball 3-2: Ground out 4-3 (Groundball, 34) | Batting: LHB Bob Martin | 0-0: Fly out, F4 (Line Drive, 4S) | Batting: LHB Francisco Calderón | 0-0: Called Strike 0-1: Swinging Strike 0-2: Ball 1-2: Ground out 6-3 (Groundball, 6) | Top of the 4th over - 0 runs, 0 hits, 0 errors, 0 left on base; Kalamazoo 0 - Nassau 4 | BOTTOM OF THE 4TH |
---|
Nassau Rockets batting - Pitching for Kalamazoo Royale with Cheese : RHP Oscar Wheeler | Batting: LHB Rafael Delgado | 0-0: Ball 1-0: DOUBLE (Line Drive, 9LM) | Batting: RHB Jesús Villalobos | 0-0: Ball 1-0: Ground out 5-3 (Groundball, 56S) Rafael Delgado to third | Batting: LHB Andrew Alvarado | 0-0: Ball 1-0: Ball 2-0: Called Strike 2-1: Called Strike 2-2: Ball 3-2: Ground out 4-3 (Groundball, 4) Rafael Delgado scores | Batting: RHB John Anderson | 0-0: Ball 1-0: SINGLE (Flyball, 7S) | Batting: LHB Don Ramey | 0-0: Ball 1-0: Foul Ball, location: 2F 1-1: Ground out 4-3 (Groundball, 34) | Bottom of the 4th over - 1 run, 2 hits, 0 errors, 1 left on base; Kalamazoo 0 - Nassau 5 | TOP OF THE 5TH |
---|
Kalamazoo Royale with Cheese batting - Pitching for Nassau Rockets : LHP Rod Adams | Batting: RHB José Velásquez | 0-0: Ball 1-0: Ball 2-0: Ball 3-0: Called Strike 3-1: Foul Ball, location: 2F 3-2: Strikes out looking | Batting: LHB Keith Tillman | 0-0: Fly out, F7 (Flyball, 7D) | Batting: LHB Javier Espinoza | 0-0: Ball 1-0: Foul Ball, location: 2F 1-1: Swinging Strike 1-2: Ball 2-2: Ball 3-2: Ground out U3 (Groundball, 3) | Top of the 5th over - 0 runs, 0 hits, 0 errors, 0 left on base; Kalamazoo 0 - Nassau 5 | BOTTOM OF THE 5TH |
---|
Nassau Rockets batting - Pitching for Kalamazoo Royale with Cheese : RHP Oscar Wheeler | Batting: LHB Juan Romero | 0-0: Ball 1-0: Called Strike 1-1: Ball 2-1: Ball 3-1: Called Strike 3-2: Foul Ball, location: 2F 3-2: DOUBLE (Flyball, 7D) | Batting: SHB Edgardo Osorio | 0-0: Ball 1-0: Foul Ball, location: 2F 1-1: Ground out 6-3 (Groundball, 6) | Batting: LHB Wilson Allen | 0-0: Called Strike 0-1: Ground out 6-3 (Groundball, 6) | Batting: RHB Salvador Borbón | 0-0: Foul Ball, location: 2F 0-1: Swinging Strike 0-2: SINGLE (Groundball, 6D) Juan Romero to third Runner from 3rd tries for Home, SAFE, throw made home | Batting: LHB Rafael Delgado | 0-0: Ball 1-0: Called Strike 1-1: Foul Ball, location: 2F 1-2: Fielders Choice at 2nd, 6-4 (Groundball, 6) | Bottom of the 5th over - 1 run, 2 hits, 0 errors, 1 left on base; Kalamazoo 0 - Nassau 6 | TOP OF THE 6TH |
---|
Kalamazoo Royale with Cheese batting - Pitching for Nassau Rockets : LHP Rod Adams | Batting: SHB Caden Keith | 0-0: Foul Ball, location: 2F 0-1: Foul Ball, location: 2F 0-2: Foul Ball, location: 2F 0-2: Ball 1-2: Ball 2-2: Ball 3-2: Fly out, F8 (Line Drive, 8RM) | Batting: RHB Tae-kwon Kwon | 0-0: Called Strike 0-1: Ball 1-1: Called Strike 1-2: SINGLE (Line Drive, 4MD) | Batting: RHB Zander Tremblett | 0-0: Ball 1-0: Foul Ball, location: 2F 1-1: Swinging Strike 1-2: Fly out, F9 (Flyball, 89S) | Batting: LHB Roberto Sandoval | 0-0: SINGLE (Groundball, 6D) Tae-kwon Kwon to second | Batting: LHB Bob Martin | 0-0: Called Strike 0-1: Foul Ball, location: 2F 0-2: Ball 1-2: Ball 2-2: Strikes out swinging | Top of the 6th over - 0 runs, 2 hits, 0 errors, 2 left on base; Kalamazoo 0 - Nassau 6 | BOTTOM OF THE 6TH |
---|
Nassau Rockets batting - Pitching for Kalamazoo Royale with Cheese : RHP Oscar Wheeler | Batting: RHB Jesús Villalobos | 0-0: Foul Ball, location: 2F 0-1: Ball 1-1: Ball 2-1: Swinging Strike 2-2: Foul Ball, location: 2F 2-2: Reached on error, E6 (Groundball, 6) | Batting: LHB Andrew Alvarado | 0-0: Swinging Strike 0-1: Foul Ball, location: 2F 0-2: Ball 1-2: Ball 2-2: SINGLE (Flyball, 7LM) Jesús Villalobos to second | Pitching: LHP Terry Klassen | | Batting: RHB John Anderson | 0-0: Ball 1-0: SINGLE (Groundball, 34S) (infield hit) Jesús Villalobos to third Andrew Alvarado to second | Batting: LHB Don Ramey | 0-0: Ball 1-0: Grounds into double play, 1-2-3 (Groundball, P) Andrew Alvarado to third John Anderson to second | Batting: LHB Juan Romero | 0-0: Ball 1-0: 3-RUN HOME RUN (Flyball, 9D), Distance : 348 ft | Batting: SHB Edgardo Osorio | 0-0: Swinging Strike 0-1: Ball 1-1: Swinging Strike 1-2: Ball 2-2: Ball 3-2: Base on Balls | Batting: LHB Wilson Allen | 0-0: Foul Ball, location: 2F 0-1: Ball 1-1: Ball 2-1: Foul Ball, location: 2F 2-2: Ball Edgardo Osorio steals 2nd base 3-2: Foul Ball, location: 2F 3-2: 2-RUN HOME RUN (Line Drive, 9LD), Distance : 458 ft | Batting: RHB Salvador Borbón | 0-0: Foul Ball, location: 2F 0-1: Ball 1-1: Foul Ball, location: 2F 1-2: Ball 2-2: Ball 3-2: Ground out 6-3 (Groundball, 6) | Bottom of the 6th over - 5 runs, 4 hits, 1 error, 0 left on base; Kalamazoo 0 - Nassau 11 | TOP OF THE 7TH |
---|
Kalamazoo Royale with Cheese batting - Pitching for Nassau Rockets : LHP Rod Adams | Batting: LHB Francisco Calderón | 0-0: Ball 1-0: Called Strike 1-1: Ball 2-1: Ball 3-1: Called Strike 3-2: Strikes out swinging | Batting: RHB José Velásquez | 0-0: Ball 1-0: Called Strike 1-1: Called Strike 1-2: Strikes out swinging | Batting: SHB Bob Noble | 0-0: Ball 1-0: Foul Ball, location: 2F 1-1: Called Strike 1-2: SINGLE (Line Drive, 56D) | Batting: LHB Javier Espinoza | 0-0: Foul Ball, location: 2F 0-1: Ball 1-1: Ball 2-1: Ball 3-1: Foul Ball, location: 2F 3-2: Base on Balls Bob Noble to second | Pitching: RHP Ju-choer Yi | | Batting: SHB Caden Keith | 0-0: Ball 1-0: Foul Ball, location: 2F 1-1: Ball 2-1: Ball 3-1: Foul Ball, location: 2F 3-2: Fly out, F4 (Line Drive, 4) | Top of the 7th over - 0 runs, 1 hit, 0 errors, 2 left on base; Kalamazoo 0 - Nassau 11 | BOTTOM OF THE 7TH |
---|
Nassau Rockets batting - Pitching for Kalamazoo Royale with Cheese : LHP Terry Klassen | Now at SS: Bob Noble | | Batting: LHB Rafael Delgado | 0-0: Foul Ball, location: 2F 0-1: Foul Ball, location: 2F 0-2: Strikes out looking | Batting: RHB Jesús Villalobos | 0-0: Swinging Strike 0-1: Fly out, F7 (Flyball, 78D) | Batting: LHB Andrew Alvarado | 0-0: Ball 1-0: Ground out 4-3 (Groundball, 4) | Bottom of the 7th over - 0 runs, 0 hits, 0 errors, 0 left on base; Kalamazoo 0 - Nassau 11 | TOP OF THE 8TH |
---|
Kalamazoo Royale with Cheese batting - Pitching for Nassau Rockets : RHP Ju-choer Yi | Batting: RHB Tae-kwon Kwon | 0-0: Called Strike 0-1: Foul Ball, location: 2F 0-2: Ball 1-2: Strikes out swinging | Batting: RHB Zander Tremblett | 0-0: Ball 1-0: Foul Ball, location: 2F 1-1: Called Strike 1-2: SINGLE (Groundball, 4D) | Batting: LHB Roberto Sandoval | 0-0: Ball 1-0: Foul Ball, location: 2F 1-1: Called Strike 1-2: SINGLE (Line Drive, 4M) Zander Tremblett to second | Batting: LHB Bob Martin | 0-0: Called Strike 0-1: Fly out, F1 (Line Drive, 15) | Batting: LHB Francisco Calderón | 0-0: Called Strike 0-1: Swinging Strike 0-2: Ball 1-2: Ball 2-2: Ball 3-2: Fly out, F8 (Flyball, 8RD) | Top of the 8th over - 0 runs, 2 hits, 0 errors, 2 left on base; Kalamazoo 0 - Nassau 11 | BOTTOM OF THE 8TH |
---|
Nassau Rockets batting - Pitching for Kalamazoo Royale with Cheese : LHP Terry Klassen | Batting: RHB John Anderson | 0-0: Ball 1-0: Swinging Strike 1-1: Foul Ball, location: 2F 1-2: Foul Ball, location: 2F 1-2: SINGLE (Groundball, 4MD) | Batting: LHB Don Ramey | 0-0: Swinging Strike 0-1: Ball 1-1: Called Strike 1-2: Fielders Choice at 2nd, 3-6 (Groundball, 34) | Batting: LHB Juan Romero | 0-0: Swinging Strike Don Ramey is caught stealing 2nd base 0-1: Ball 1-1: Ground out 5-3 (Groundball, 56) | Bottom of the 8th over - 0 runs, 1 hit, 0 errors, 0 left on base; Kalamazoo 0 - Nassau 11 | TOP OF THE 9TH |
---|
Kalamazoo Royale with Cheese batting - Pitching for Nassau Rockets : RHP Ju-choer Yi | Batting: RHB José Velásquez | 0-0: Ball 1-0: Ball 2-0: Ball 3-0: Base on Balls | Batting: SHB Bob Noble | 0-0: Ball 1-0: Ball 2-0: Ball 3-0: Called Strike 3-1: Grounds into double play, 4-6-3 (Groundball, 4) | Batting: LHB Javier Espinoza | 0-0: Ball 1-0: Ball 2-0: SINGLE (Groundball, 56D) | Batting: SHB Caden Keith | 0-0: Foul Ball, location: 2F 0-1: Foul Ball, location: 2F 0-2: Ball 1-2: Foul Ball, location: 2F 1-2: Foul Ball, location: 2F 1-2: Strikes out swinging | Top of the 9th over - 0 runs, 1 hit, 0 errors, 1 left on base; Kalamazoo 0 - Nassau 11 | |